 Dungeon Crawl Stone Soup version 0.25-a0-362-g90ccd6aac3 (console) character file.

Game seed: 7082549450343626196, levelgen mode: deterministic

1205 Kagalorn the Covert (level 8, -1/74 HPs)
             Began as a Naga Arcane Marksman on Jan 4, 2020.
             Was an Initiate of Okawaru.
             Slain by Pikel
             ... wielding a +1 whip of freezing
              (5 damage)
             ... on level 6 of the Dungeon.
             The game lasted 00:24:54 (6920 turns).

Kagalorn the Covert (Naga Arcane Marksman)          Turns: 6920, Time: 00:24:54

Health: -1/74      AC:  9    Str: 15    XL:     8   Next: 45%
Magic:  9/9        EV:  8    Int: 14    God:    Okawaru [......]
Gold:   109        SH:  0    Dex: 11    Spells: 7/9 levels left

rFire    + . .     SeeInvis +   b - +0 war axe
rCold    . . .     Gourm    .   (no shield)
rNeg     . . .     Faith    .   r - +0 robe {MR+}
rPois    +         Spirit   .   (no helmet)
rElec    .         Reflect  .   (no cloak)
rCorr    .         Harm     .   (no gloves)
MR       +++..     Clarity  +   c - +1 naga barding
Stlth    ++++......             l - amulet of magic regeneration
HPRegen  0.22/turn              A - ring of protection from magic
MPRegen  0.36/turn              k - +1 ring of protection

@: about to teleport, very slow
A: large, see invisible, clarity, deformed body, fire resistance 1, poison
resistance, slowness 2, slow metabolism 1, spit poison 1, MP-powered wands, AC
+2
a: Spit Poison, Renounce Religion


You were on level 6 of the Dungeon.
You worshipped Okawaru.
Okawaru was noncommittal.
You were not hungry.

You visited 2 branches of the dungeon, and saw 7 of its levels.
You also visited: Ossuary.

You collected 181 gold pieces.
You spent 72 gold pieces at shops.

Inventory:

Hand Weapons
 a - a +1 hand crossbow
 b - a +0 war axe (weapon)
 w - a +2 short sword of holy wrath
Missiles
 d - 55 bolts
 i - 88 arrows
 j - 168 stones
 u - a throwing net (quivered)
 y - 15 sling bullets
Armour
 c - a +1 naga barding (worn)
 r - a +0 robe of magic resistance (worn)
Jewellery
 k - a +1 ring of protection (right hand)
 l - an amulet of magic regeneration (around neck)
 v - an uncursed ring of magical power
 A - a ring of protection from magic (left hand)
 I - an uncursed ring of protection from cold
Wands
 G - a wand of clouds (6)
Scrolls
 h - 4 scrolls of magic mapping
 m - a scroll of teleportation
 p - 2 scrolls of enchant armour
 s - 8 scrolls of remove curse
 t - a scroll of fog
 x - a scroll of amnesia
Potions
 g - a potion of flight
 n - 4 potions of agility
 z - a potion of mutation
 B - a potion of invisibility
 C - a potion of lignification
 D - a potion of resistance
 E - a potion of cancellation
 F - a potion of magic
 H - a potion of curing
Comestibles
 f - 14 rations


   Skills:
 - Level 5.0 Fighting
 * Level 3.9 Axes
 * Level 2.6 Crossbows
 - Level 1.5 Dodging
 - Level 10.0 Stealth
 - Level 1.0 Spellcasting
 - Level 3.0 Hexes
 * Level 2.1 Invocations


You had 7 spell levels left.
You knew the following spells:

 Your Spells              Type           Power        Failure   Level  Hunger
a - Confusing Touch       Hex            #.....       8%          1    ##.....
p - Corona                Hex            #......      8%          1    ##.....

Your spell library contained the following spells:

 Spells                   Type           Power        Failure   Level  Hunger
 Slow                     Hex            #.......     12%         2    ###....
 Animate Skeleton         Necr           N/A          26%         1    ##.....
 Apportation              Tloc           #.....       26%         1    ##.....
 Summon Small Mammal      Summ           #...         26%         1    ##.....
 Inner Flame              Hex/Fire       #.......     38%         3    ####...
 Portal Projectile        Hex/Tloc       #.....       38%         3    ####...
 Cause Fear               Hex            #.........   58%         4    #####..
 Leda's Liquefaction      Hex/Erth       #.........   80%         4    #####..


Dungeon Overview and Level Annotations

Branches:
Dungeon (6/15)             Temple (1/1) D:4         Ossuary (visited)

Altars:
Cheibriados
Dithmenos
Elyvilon
Fedhas
Gozag
Hepliaklqana
Makhleb
Okawaru
Qazlal
Ru
Sif Muna
Trog
Uskayaw
Vehumet
Wu Jian
Yredelemnul
Zin
The Shining One

Shops:
D:5 !

Annotations:
D:6 Pikel


Innate Abilities, Weirdness & Mutations

You cannot wear boots.
Your serpentine skin is tough. (AC +2)
You have supernaturally acute eyesight. (SInv)
Armour fits poorly on your strangely shaped body.
Your system is resistant to poisons. (rPois)
You cover ground very slowly.
You have a slow metabolism.
You can spit poison.
You possess an exceptional clarity of mind.
Your flesh is heat resistant. (rF+)
You expend magic power (3 MP) to strengthen your wands.


Message History

Evoke which item? (* to show all) (? for menu, Esc to quit)
Okay, then.
As you read the scroll labeled FUGEID GEOGO, it crumbles to dust.
It is a scroll of enchant weapon.
Your +0 hand crossbow glows red for a moment.
The jelly barely misses you. The slave barely misses you.
Pikel hits you but does no damage. The slave hits you.
* * * LOW HITPOINT WARNING * * *
As you read the scroll labeled QISUHU OVAUHUF, it crumbles to dust.
You hear a loud clanging noise!
It was a scroll of noise.
You hear a shout! x5; You hear a howl!
You hear an angry growl.
You hear a croak.
The jelly barely misses you. The slave barely misses you.
Pikel closely misses you. The slave hits you but does no damage.
As you read the scroll of teleportation, it crumbles to dust.
You feel strangely unstable. The jelly closely misses you.
The slave hits you but does no damage.
Pikel hits you with a +1 whip of freezing.
You die...

#.. .#
..#####.###########.#
...............#....#
p..p.[.>.........#..##
..####(#.###..#........
#p#.# #..##.#.####
#p#.# #..##.#.#
######p#p###..#.#..#
.......K@J......###.#
####.########..#.#.##
.. #...#.## #. ##..#.#
.. #..#.# . ...#.#
#.#.#.# .#..#.# .#
#.#.#


You could see Pikel, 4 slaves and a jelly.

Vanquished Creatures
  A sky beast (D:4)
  8 scorpions (Ossuary)
  2 centaur zombies (Ossuary)
  A bullfrog zombie (D:6)
  A crimson imp (D:5)
  A jelly (D:3)
  A centaur skeleton (D:5)
  An orc priest (D:3)
  2 hounds
  2 orc wizards (D:5)
  2 worker ants (D:5)
  A big kobold zombie (Ossuary)
  2 hound skeletons
  3 mummies (Ossuary)
  A gnoll (D:1)
  6 scorpion zombies (Ossuary)
  2 adders
  A shadow imp (D:5)
  7 oozes
  3 worms
  3 dart slugs
  2 leopard geckos
  17 orcs
  10 giant cockroaches
  5 goblins
  8 hobgoblins
  10 jackals
  8 kobolds
  3 quokkas
  A ball python (D:1)
  8 bats
  7 frilled lizards
  A gnoll zombie (Ossuary)
  2 kobold zombies (Ossuary)
  An orc zombie (Ossuary)
  A quokka skeleton (D:5)
  9 rats
144 creatures vanquished.

Vanquished Creatures (others)
  A goblin zombie (Ossuary)
1 creature vanquished.

Grand Total: 145 creatures vanquished

Notes
Turn   | Place    | Note
-------+----------+-------------------------------------------
     0 | D:1      | Kagalorn the Naga Arcane Marksman began the quest for the
                  | Orb.
     0 | D:1      | Reached XP level 1. HP: 18/18 MP: 2/2
     2 | D:1      | Found a runed translucent door.
    65 | D:1      | Reached skill level 1 in Stealth
   317 | D:1      | Reached XP level 2. HP: 25/25 MP: 3/3
   337 | D:1      | Reached skill level 2 in Stealth
   714 | D:1      | Reached skill level 3 in Stealth
   714 | D:1      | Reached XP level 3. HP: 19/32 MP: 4/4
  1409 | D:2      | Found a sacrificial altar of Ru.
  1544 | D:2      | HP: 1/33 [leopard gecko (2)]
  1546 | D:2      | Gained mutation: You possess an exceptional clarity of
                  | mind. [potion of mutation]
  1546 | D:2      | Gained mutation: You expend magic power (3 MP) to
                  | strengthen your wands. [potion of mutation]
  1546 | D:2      | Gained mutation: Your flesh is heat resistant. (rF+)
                  | [potion of mutation]
  1555 | D:2      | HP: 2/49 [leopard gecko (2)]
  1563 | D:2      | HP: 1/49 [leopard gecko (2)]
  2149 | D:1      | Reached XP level 4. HP: 40/40 MP: 5/5
  2178 | D:1      | Reached skill level 4 in Stealth
  2273 | D:1      | HP: 1/42 [ooze (2)]
  2684 | D:3      | Learned a level 1 spell: Confusing Touch
  2900 | D:2      | Reached XP level 5. HP: 49/49 MP: 6/6
  3025 | D:3      | Reached skill level 5 in Stealth
  4016 | D:4      | Noticed a sky beast
  4037 | D:4      | Reached XP level 6. HP: 54/57 MP: 7/7
  4120 | D:4      | Found a sand-covered staircase.
  4126 | Ossuary  | Entered an ossuary
  4139 | Ossuary  | Reached skill level 6 in Stealth
  4251 | Ossuary  | Reached skill level 1 in Axes
  4467 | Ossuary  | Reached skill level 5 in Fighting
  4485 | Ossuary  | Reached XP level 7. HP: 63/67 MP: 8/8
  4486 | Ossuary  | Reached skill level 7 in Stealth
  4604 | Ossuary  | Reached skill level 8 in Stealth
  4863 | Ossuary  | Reached skill level 9 in Stealth
  5199 | D:4      | Found a staircase to the Ecumenical Temple.
  5206 | Temple   | Entered the Ecumenical Temple
  5335 | Temple   | Became a worshipper of Warmaster Okawaru
  5648 | D:4      | Reached skill level 10 in Stealth
  5648 | D:4      | Reached XP level 8. HP: 28/74 MP: 9/9
  6075 | D:5      | Entered Level 5 of the Dungeon
  6075 | D:5      | Found Saplet Xiom's Distillery.
  6095 | D:5      | Bought a potion of flight for 36 gold pieces
  6095 | D:5      | Bought a potion of curing for 36 gold pieces
  6119 | D:5      | Reached skill level 1 in Invocations
  6692 | D:5      | Found a burning altar of Makhleb.
  6894 | D:6      | Noticed Pikel
  6916 | D:6      | HP: 1/74 [Pikel/+1 whip of freezing (3)]
  6920 | D:6      | Slain by Pikel

Levels and vault maps discovered:
D:1:      dpeg_arrival_caged_fury, layout_basic
D:2:      layout_basic, nicolae_ru_sacrificial_ziggurat
D:3:      layout_loops_cross
D:4:      layout_loops_ring, minmay_temple_entry_crystal_x,
          nicolae_ossuary_entry_plus
D:5:      layout_basic, lightli_temple_of_fire, first_ration, serial_shops,
          nicolae_shop_waterfront, minivault_23
D:6:      layout_loops_ring, uniq_pikel
Temple:   nicolae_temple_elliptical

Skill      XL: |  1  2  3  4  5  6  7  8 |
---------------+-------------------------+-----
Stealth        | 1 3 4 5 6 10 | 10.0
Fighting       | 2 3 4 5 |  5.0
Axes           | 1 2 3 |  3.9
Crossbows      | 2 |  2.6
Invocations    | 2 |  2.1
Dodging        | |  1.5
Spellcasting   | |  1.0
Hexes          | |  3.0

Action                   |  1- 3 |  4- 6 |  7- 9 || total
-------------------------+-------+-------+-------++-------
Melee: Dagger            |   153 |   291 |       ||   444
       Short sword       |       |    41 |    84 ||   125
       War axe           |       |       |   107 ||   107
 Fire: Hand crossbow     |    24 |    12 |     2 ||    38
 Cast: Confusing Touch   |       |       |     2 ||     2
 Abil: Spit Poison       |    11 |    12 |    12 ||    35
  Use: Potion            |     5 |       |     2 ||     7
       Scroll            |     1 |     8 |     7 ||    16
 Stab: Sleeping          |     2 |    10 |     8 ||    20
  Eat: Chunk             |     2 |     7 |     5 ||    14
       Ration            |       |       |     1 ||     1
Armor: Robe              |    58 |   142 |   104 ||   304
       Skin              |    15 |       |       ||    15
Dodge: Dodged            |    74 |    97 |    83 ||   254

Table legend:
 A = Non-vault XP
 B = Vault XP
 C = Vault XP percentage of total XP
 D = Non-vault monster count
 E = Vault monster count
 F = Vault count percentage of total count
                 A         B        C        D         E       F
            +---------+---------+-------+---------+---------+-------
      Total |     856 |     866 |  50.3 |     101 |      42 |  29.4
            +---------+---------+-------+---------+---------+-------
        D:1 |      59 |      64 |  52.0 |      24 |      19 |  44.2
        D:2 |      31 |       0 |   0.0 |      15 |       0 |   0.0
        D:3 |     164 |       0 |   0.0 |      35 |       0 |   0.0
        D:4 |     184 |       0 |   0.0 |       6 |       0 |   0.0
        D:5 |     351 |       0 |   0.0 |      19 |       0 |   0.0
        D:6 |      67 |       0 |   0.0 |       2 |       0 |   0.0
    Ossuary |       0 |     802 | 100.0 |       0 |      23 | 100.0
            +---------+---------+-------+---------+---------+-------
